ORI
UNIVERSITY OF SOUTHERN CALIFORNIA TROJANS @ COASTAL CAROLINA UNIVERSITY CHANTICLEERS
08/25/2047
 
TOP OF THE 1ST
University of Southern California Trojans batting - Pitching for Coastal Carolina University Chanticleers : LHP Rocco Calvocoressi
Pitching: LHP Rocco Calvocoressi
Batting: LHB Alonzo Catalan 0-0: Called Strike
0-1: Ball
1-1: Fly out, F7 (Flyball, 78S, EV 85.0 MPH)
Batting: RHB Jochen Schanz 0-0: Called Strike
0-1: Ball
1-1: Ball
2-1: Foul Ball, location: 2F
2-2: Ball
3-2: Fly out, F8 (Flyball, 8RS, EV 94.4 MPH)
Batting: RHB Eric Baker 0-0: Called Strike
0-1: Foul Ball, location: 2F
0-2: Ball
1-2: Ball
2-2: Ball
3-2: Base on Balls
Batting: LHB Eli Evenson 0-0: Called Strike
0-1: Called Strike
0-2: Strikes out looking
Top of the 1st over - 0 runs, 0 hits, 0 errors, 1 left on base; University of Southern California 0 - Coastal Carolina University 0
BOTTOM OF THE 1ST
Coastal Carolina University Chanticleers batting - Pitching for University of Southern California Trojans : RHP Matt Harris
Pitching: RHP Matt Harris
Batting: LHB Justin Sanders 0-0: Ball
1-0: Ball
2-0: Ball
3-0: Base on Balls
Batting: RHB Tristan Williams 0-0: Ball
1-0: Swinging Strike
1-1: Foul Ball, location: 2F
1-2: Ball
2-2: Ball
3-2: Grounds into double play, 6-4-3 (Groundball, 6, EV 87.5 MPH)
Batting: RHB Dennis Bennett 0-0: Swinging Strike
0-1: Ball
1-1: SINGLE (Groundball, 6MD, EV 99.4 MPH)
Batting: RHB Tatsunori Ishigaki 0-0: TRIPLE (Line Drive, 8RXD, EV 108.1 MPH)
Dennis Bennett scores
Batting: RHB Fernando Tovar 0-0: Ball
1-0: Ball
2-0: Ball
3-0: Base on Balls
Batting: LHB Ramelan Nasution 0-0: Swinging Strike
0-1: Ball
1-1: Swinging Strike
1-2: Strikes out swinging
Bottom of the 1st over - 1 run, 2 hits, 0 errors, 2 left on base; University of Southern California 0 - Coastal Carolina University 1
TOP OF THE 2ND
University of Southern California Trojans batting - Pitching for Coastal Carolina University Chanticleers : LHP Rocco Calvocoressi
Batting: SHB Jason Keys 0-0: Swinging Strike
0-1: Ball
1-1: Fly out, F6 (Line Drive, 6, EV 73.8 MPH)
Batting: RHB Rick Acevedo 0-0: Ball
1-0: Called Strike
1-1: Foul Ball, location: 2F
1-2: Strikes out swinging
Batting: RHB Jim Baltazar 0-0: Ball
1-0: Ball
2-0: Called Strike
2-1: Reached on error, E8 (Flyball, 8LM, EV 81.9 MPH)
Batting: RHB Tri Kartini 0-0: Ball
1-0: Ball
2-0: Ball
3-0: Called Strike
3-1: Foul Ball, location: 2F
3-2: Fly out, F7 (Flyball, 7LD, EV 110.6 MPH)
Top of the 2nd over - 0 runs, 0 hits, 1 error, 1 left on base; University of Southern California 0 - Coastal Carolina University 1
BOTTOM OF THE 2ND
Coastal Carolina University Chanticleers batting - Pitching for University of Southern California Trojans : RHP Matt Harris
Batting: RHB Chris McDaniel 0-0: Ball
1-0: Swinging Strike
1-1: Ball
2-1: Ground out 5-3 (Groundball, 56, EV 85.6 MPH)
Batting: LHB Justin Kaller 0-0: Called Strike
0-1: Ball
1-1: Swinging Strike
1-2: Foul Ball, location: 2F
1-2: Strikes out swinging
Batting: RHB Rene Napoles 0-0: Called Strike
0-1: Foul Ball, location: 2F
0-2: Ball
1-2: Ground out 6-3 (Groundball, 6, EV 82.5 MPH)
Bottom of the 2nd over - 0 runs, 0 hits, 0 errors, 0 left on base; University of Southern California 0 - Coastal Carolina University 1
TOP OF THE 3RD
University of Southern California Trojans batting - Pitching for Coastal Carolina University Chanticleers : LHP Rocco Calvocoressi
Batting: RHB Bobby Basoco 0-0: Swinging Strike
0-1: Swinging Strike
0-2: Strikes out swinging
Batting: LHB Alonzo Catalan 0-0: Called Strike
0-1: SINGLE (Line Drive, 56, EV 112.5 MPH)
Batting: RHB Jochen Schanz 0-0: Foul Ball, location: 2F
0-1: Ball
1-1: Ball
2-1: Swinging Strike
2-2: Ball
3-2: Strikes out looking
Batting: RHB Eric Baker 0-0: Ball
Alonzo Catalan is caught stealing 2nd base 2-4
Top of the 3rd over - 0 runs, 1 hit, 0 errors, 0 left on base; University of Southern California 0 - Coastal Carolina University 1
BOTTOM OF THE 3RD
Coastal Carolina University Chanticleers batting - Pitching for University of Southern California Trojans : RHP Matt Harris
Batting: LHB Justin Sanders 0-0: Ball
1-0: SINGLE (Line Drive, 4D, EV 98.1 MPH)
Batting: RHB Tristan Williams 0-0: Called Strike
0-1: Swinging Strike
0-2: Ball
1-2: Strikes out swinging
Batting: RHB Dennis Bennett 0-0: Called Strike
0-1: Called Strike
0-2: Foul Ball, location: 2F
0-2: Foul Ball, location: 2F
0-2: Ball
1-2: Ball
2-2: Foul Ball, location: 2F
2-2: Strikes out swinging
Batting: RHB Tatsunori Ishigaki 0-0: Ground out 4-3 (Groundball, 34, EV 81.2 MPH)
Bottom of the 3rd over - 0 runs, 1 hit, 0 errors, 1 left on base; University of Southern California 0 - Coastal Carolina University 1
TOP OF THE 4TH
University of Southern California Trojans batting - Pitching for Coastal Carolina University Chanticleers : LHP Rocco Calvocoressi
Batting: RHB Eric Baker 0-0: Swinging Strike
0-1: Called Strike
0-2: Foul Ball, location: 2F
0-2: Ball
1-2: Strikes out swinging
Batting: LHB Eli Evenson 0-0: Called Strike
0-1: Called Strike
0-2: Ball
1-2: Ball
2-2: Strikes out swinging
Batting: SHB Jason Keys 0-0: Swinging Strike
0-1: Ground out 6-3 (Groundball, 6, EV 110.0 MPH)
Top of the 4th over - 0 runs, 0 hits, 0 errors, 0 left on base; University of Southern California 0 - Coastal Carolina University 1
BOTTOM OF THE 4TH
Coastal Carolina University Chanticleers batting - Pitching for University of Southern California Trojans : RHP Matt Harris
Batting: RHB Fernando Tovar 0-0: Called Strike
0-1: Fly out, F9 (Flyball, 9D, EV 81.9 MPH)
Batting: LHB Ramelan Nasution 0-0: Ball
1-0: Ball
2-0: Called Strike
2-1: Ground out 4-3 (Groundball, 34, EV 84.4 MPH)
Batting: RHB Chris McDaniel 0-0: Called Strike
0-1: Called Strike
0-2: Ball
1-2: Strikes out looking
Bottom of the 4th over - 0 runs, 0 hits, 0 errors, 0 left on base; University of Southern California 0 - Coastal Carolina University 1
TOP OF THE 5TH
University of Southern California Trojans batting - Pitching for Coastal Carolina University Chanticleers : LHP Rocco Calvocoressi
Batting: RHB Rick Acevedo 0-0: Ball
1-0: Called Strike
1-1: Called Strike
1-2: Ball
2-2: Ball
3-2: Foul Ball, location: 2F
3-2: Strikes out swinging
Batting: RHB Jim Baltazar 0-0: Foul Ball, location: 2F
0-1: Swinging Strike
0-2: Strikes out looking
Pitching: RHP Clint Major
Batting: RHB Tri Kartini 0-0: Called Strike
0-1: Ball
1-1: Ball
2-1: Ball
3-1: Ground out 4-3 (Groundball, 34, EV 104.4 MPH)
Top of the 5th over - 0 runs, 0 hits, 0 errors, 0 left on base; University of Southern California 0 - Coastal Carolina University 1
BOTTOM OF THE 5TH
Coastal Carolina University Chanticleers batting - Pitching for University of Southern California Trojans : RHP Matt Harris
Batting: LHB Justin Kaller 0-0: Foul Ball, location: 2F
0-1: Foul Ball, location: 2F
0-2: Foul Ball, location: 2F
0-2: Ball
1-2: Ball
2-2: SINGLE (Groundball, 6, EV 96.2 MPH)
Batting: RHB Rene Napoles 0-0: Ball
1-0: Foul Ball, location: 2F
1-1: Ball
Wild Pitch!
Justin Kaller to second
2-1: Ball
3-1: Base on Balls
Batting: LHB Justin Sanders 0-0: Foul Ball, location: 2F
0-1: Foul Ball, location: 2F
0-2: Ball
1-2: Foul Ball, location: 2F
1-2: Ground out 3-1 (Groundball, 3L, EV 80.6 MPH)
Justin Kaller to third
Rene Napoles to second
Pitching: RHP Reed Bauer
Batting: RHB Tristan Williams 0-0: Ball
1-0: Reached on error, E6 (Groundball, 6, EV 86.9 MPH)
Justin Kaller scores
Rene Napoles scores
Batting: RHB Dennis Bennett 0-0: Ball
1-0: Ball
2-0: Ball
3-0: Base on Balls
Batting: RHB Tatsunori Ishigaki 0-0: Called Strike
0-1: Foul Ball, location: 2F
0-2: Fielders Choice at 2nd, 4-6 (Groundball, 4, EV 93.1 MPH)
Tristan Williams to third
Batting: RHB Fernando Tovar 0-0: Called Strike
0-1: Ball
1-1: Ground out 5-3 (Groundball, 56S, EV 91.9 MPH)
Bottom of the 5th over - 2 runs, 1 hit, 1 error, 2 left on base; University of Southern California 0 - Coastal Carolina University 3
TOP OF THE 6TH
University of Southern California Trojans batting - Pitching for Coastal Carolina University Chanticleers : RHP Clint Major
Batting: RHB Bobby Basoco 0-0: Ground out 4-3 (Groundball, 4, EV 104.4 MPH)
Batting: LHB Alonzo Catalan 0-0: Fly out, F8 (Flyball, 8LS, EV 83.8 MPH)
Batting: RHB Jochen Schanz 0-0: Called Strike
0-1: Ball
1-1: Ground out 2-3 (Groundball, 2R, EV 66.2 MPH)
Top of the 6th over - 0 runs, 0 hits, 0 errors, 0 left on base; University of Southern California 0 - Coastal Carolina University 3
BOTTOM OF THE 6TH
Coastal Carolina University Chanticleers batting - Pitching for University of Southern California Trojans : RHP Reed Bauer
Batting: LHB Ramelan Nasution 0-0: Ball
1-0: Ground out U3 (Groundball, 3L, EV 91.9 MPH)
Batting: RHB Chris McDaniel 0-0: Swinging Strike
0-1: Called Strike
0-2: Ball
1-2: Ball
2-2: Ball
3-2: Base on Balls
Batting: LHB Justin Kaller 0-0: Ball
1-0: Ball
Chris McDaniel is caught stealing 2nd base 2-6
2-0: Ground out 5-3 (Groundball, 56S, EV 84.4 MPH)
Bottom of the 6th over - 0 runs, 0 hits, 0 errors, 0 left on base; University of Southern California 0 - Coastal Carolina University 3
TOP OF THE 7TH
University of Southern California Trojans batting - Pitching for Coastal Carolina University Chanticleers : RHP Clint Major
Batting: RHB Eric Baker 0-0: Called Strike
0-1: Ball
1-1: Called Strike
1-2: DOUBLE (Flyball, 78D, EV 98.1 MPH)
Batting: LHB Eli Evenson 0-0: DOUBLE (Line Drive, 78D, EV 111.9 MPH)
Eric Baker scores
Batting: SHB Jason Keys 0-0: Called Strike
0-1: Ball
1-1: Ball
2-1: Ball
3-1: Foul Ball, location: 2F
3-2: Ground out 4-3 (Groundball, 4, EV 99.4 MPH)
Eli Evenson to third
Batting: RHB Rick Acevedo 0-0: Called Strike
0-1: Foul Ball, location: 2F
0-2: Ball
1-2: Foul Ball, location: 2F
1-2: Hit by Pitch
Batting: RHB Jim Baltazar 0-0: Swinging Strike
0-1: SINGLE (Groundball, 56, EV 80.0 MPH) (infield hit)
Eli Evenson scores
Rick Acevedo to second
Batting: RHB Tri Kartini 0-0: Ground out 6-3 (Groundball, 6M, EV 103.8 MPH)
Rick Acevedo to third
Jim Baltazar to second
Batting: RHB Bobby Basoco 0-0: Called Strike
0-1: Ball
1-1: Foul Ball, location: 2F
1-2: Foul Ball, location: 2F
1-2: Ground out 4-3 (Groundball, 4, EV 83.1 MPH)
Top of the 7th over - 2 runs, 3 hits, 0 errors, 2 left on base; University of Southern California 2 - Coastal Carolina University 3
BOTTOM OF THE 7TH
Coastal Carolina University Chanticleers batting - Pitching for University of Southern California Trojans : RHP Reed Bauer
Batting: RHB Rene Napoles 0-0: Ball
1-0: Called Strike
1-1: Called Strike
1-2: Strikes out looking
Batting: LHB Justin Sanders 0-0: Ball
1-0: Ball
2-0: Fly out, F7 (Flyball, 7, EV 87.5 MPH)
Batting: RHB Tristan Williams 0-0: Called Strike
0-1: Ball
1-1: Foul Ball, location: 2F
1-2: Ball
2-2: Foul Ball, location: 2F
2-2: Ball
3-2: SINGLE (Groundball, 6D, EV 107.5 MPH)
Pitching: RHP Enrique Zepeda
Batting: RHB Dennis Bennett 0-0: Ball
Tristan Williams is caught stealing 2nd base 2-4
Bottom of the 7th over - 0 runs, 1 hit, 0 errors, 0 left on base; University of Southern California 2 - Coastal Carolina University 3
TOP OF THE 8TH
University of Southern California Trojans batting - Pitching for Coastal Carolina University Chanticleers : RHP Clint Major
Pitching: RHP Moises Santos
Now at 1B: Nate Kokx
Batting: LHB Alonzo Catalan 0-0: Foul Ball, location: 2F
0-1: Swinging Strike
0-2: Ball
1-2: Ball
2-2: SINGLE (Line Drive, 8LS, EV 111.9 MPH)
Batting: RHB Jochen Schanz 0-0: Ball
1-0: Sac Bunt to 3S - play at first, batter OUT! 3-1
Alonzo Catalan to second
Batting: RHB Eric Baker 0-0: Foul Ball, location: 2F
0-1: Ball
1-1: Called Strike
1-2: SINGLE (Line Drive, 34D, EV 97.5 MPH)
Alonzo Catalan to third
Batting: RHB John Sandberg 0-0: Ball
1-0: Swinging Strike
1-1: Ball
2-1: Ball
3-1: Called Strike
3-2: Foul Ball, location: 2F
3-2: Strikes out swinging
Batting: SHB Jason Keys 0-0: Fly out, F6 (Line Drive, 6, EV 71.2 MPH)
Top of the 8th over - 0 runs, 2 hits, 0 errors, 2 left on base; University of Southern California 2 - Coastal Carolina University 3
BOTTOM OF THE 8TH
Coastal Carolina University Chanticleers batting - Pitching for University of Southern California Trojans : RHP Enrique Zepeda
Batting: RHB Dennis Bennett 0-0: Ball
1-0: Fly out, F9 (Flyball, 9D, EV 106.2 MPH)
Batting: RHB Tatsunori Ishigaki 0-0: Called Strike
0-1: Ball
1-1: Ground out 5-3 (Groundball, 56, EV 76.9 MPH)
Batting: RHB Fernando Tovar 0-0: Called Strike
0-1: Ball
1-1: Ground out 5-3 (Groundball, 56S, EV 76.2 MPH)
Bottom of the 8th over - 0 runs, 0 hits, 0 errors, 0 left on base; University of Southern California 2 - Coastal Carolina University 3
TOP OF THE 9TH
University of Southern California Trojans batting - Pitching for Coastal Carolina University Chanticleers : RHP Moises Santos
Pitching: RHP Pedro Magdaleno
Batting: RHB Rick Acevedo 0-0: Called Strike
0-1: Ball
1-1: Foul Ball, location: 2F
1-2: Ball
2-2: Foul Ball, location: 2F
2-2: Foul Ball, location: 2F
2-2: Foul Ball, location: 2F
2-2: SINGLE (Groundball, 6S, EV 70.0 MPH) (infield hit)
Batting: RHB Jim Baltazar 0-0: Called Strike
0-1: Called Strike
0-2: Foul Ball, location: 2F
0-2: Ball
1-2: Strikes out looking
Pinch Hitting: LHB Roger Kean 0-0: Called Strike
0-1: Foul Ball, location: 2F
0-2: DOUBLE (Flyball, 8RD, EV 103.8 MPH)
Rick Acevedo to third
Batting: RHB Bobby Basoco 0-0: Called Strike
0-1: Called Strike
0-2: Ball
1-2: Foul Ball, location: 2F
1-2: Ground out 5-3 (Groundball, 56S, EV 90.6 MPH)
Rick Acevedo scores
Batting: LHB Alonzo Catalan 0-0: Called Strike
0-1: Ball
1-1: Foul Ball, location: 2F
1-2: Foul Ball, location: 2F
1-2: Fly out, F8 (Flyball, 8RM, EV 91.2 MPH)
Top of the 9th over - 1 run, 2 hits, 0 errors, 1 left on base; University of Southern California 3 - Coastal Carolina University 3
BOTTOM OF THE 9TH
Coastal Carolina University Chanticleers batting - Pitching for University of Southern California Trojans : RHP Enrique Zepeda
Now at 3B: Roger Kean
Batting: LHB Ramelan Nasution 0-0: Ball
1-0: Fly out, F7 (Flyball, 7LM, EV 90.0 MPH)
Batting: RHB Chris McDaniel 0-0: Ball
1-0: Foul Ball, location: 2F
1-1: Fly out, F8 (Flyball, 78M, EV 93.1 MPH)
Batting: LHB Nate Kokx 0-0: Ball
1-0: Called Strike
1-1: Foul Ball, location: 2F
1-2: Foul Ball, location: 2F
1-2: Ball
2-2: Foul Ball, location: 2F
2-2: Ground out 6-3 (Groundball, 6, EV 81.2 MPH)
Bottom of the 9th over - 0 runs, 0 hits, 0 errors, 0 left on base; University of Southern California 3 - Coastal Carolina University 3
TOP OF THE 10TH
University of Southern California Trojans batting - Pitching for Coastal Carolina University Chanticleers : RHP Pedro Magdaleno
Batting: RHB Jochen Schanz 0-0: Foul Ball, location: 2F
0-1: Called Strike
0-2: Strikes out looking
Batting: RHB Eric Baker 0-0: Ball
1-0: Ball
2-0: Ball
3-0: Called Strike
3-1: Base on Balls
Batting: RHB John Sandberg 0-0: Ball
1-0: Fielders Choice at 2nd, 1-6 (Groundball, 13S, EV 66.2 MPH)
Batting: SHB Jason Keys 0-0: Ground out 1-3 (Groundball, 13, EV 70.0 MPH)
Top of the 10th over - 0 runs, 0 hits, 0 errors, 1 left on base; University of Southern California 3 - Coastal Carolina University 3
BOTTOM OF THE 10TH
Coastal Carolina University Chanticleers batting - Pitching for University of Southern California Trojans : RHP Enrique Zepeda
Pitching: RHP Aaron Haver
Batting: RHB Rene Napoles 0-0: Ball
1-0: Ball
2-0: Foul Ball, location: 2F
2-1: Ground out 6-3 (Groundball, 6, EV 106.2 MPH)
Batting: LHB Justin Sanders 0-0: Ball
1-0: Called Strike
1-1: Ball
2-1: Ball
3-1: Swinging Strike
3-2: Strikes out swinging
Batting: RHB Tristan Williams 0-0: Ground out 4-3 (Groundball, 4, EV 90.0 MPH)
Bottom of the 10th over - 0 runs, 0 hits, 0 errors, 0 left on base; University of Southern California 3 - Coastal Carolina University 3
TOP OF THE 11TH
University of Southern California Trojans batting - Pitching for Coastal Carolina University Chanticleers : RHP Pedro Magdaleno
Batting: RHB Rick Acevedo 0-0: Foul Ball, location: 2F
0-1: Foul Ball, location: 2F
0-2: Strikes out looking
Batting: RHB Jim Baltazar 0-0: Called Strike
0-1: Swinging Strike
0-2: Foul Ball, location: 2F
0-2: Ball
1-2: Strikes out swinging
Batting: LHB Roger Kean 0-0: Called Strike
0-1: Swinging Strike
0-2: Ball
1-2: Ball
2-2: SINGLE (Groundball, 6MD, EV 98.1 MPH)
Pitching: LHP Kurt Koehn
Batting: RHB Bobby Basoco 0-0: Ball
1-0: Foul Ball, location: 2F
1-1: SINGLE (Groundball, 34S, EV 89.4 MPH) (infield hit)
Roger Kean to second
Batting: LHB Alonzo Catalan 0-0: Ball
1-0: Ball
2-0: Ball
3-0: Called Strike
3-1: Swinging Strike
3-2: Foul Ball, location: 2F
3-2: Strikes out swinging
Top of the 11th over - 0 runs, 2 hits, 0 errors, 2 left on base; University of Southern California 3 - Coastal Carolina University 3
BOTTOM OF THE 11TH
Coastal Carolina University Chanticleers batting - Pitching for University of Southern California Trojans : RHP Aaron Haver
Batting: RHB Dennis Bennett 0-0: Called Strike
0-1: Foul Ball, location: 2F
0-2: Ball
1-2: Ball
2-2: Strikes out swinging
Pinch Hitting: RHB Mike Grogan 0-0: Ball
1-0: Foul Ball, location: 2F
1-1: Ground out 4-3 (Groundball, 4, EV 81.9 MPH)
Pinch Hitting: LHB Jason Melek 0-0: Foul Ball, location: 2F
0-1: Foul Ball, location: 2F
0-2: Strikes out swinging
Bottom of the 11th over - 0 runs, 0 hits, 0 errors, 0 left on base; University of Southern California 3 - Coastal Carolina University 3
TOP OF THE 12TH
University of Southern California Trojans batting - Pitching for Coastal Carolina University Chanticleers : LHP Kurt Koehn
Now at C: Jason Melek
Now at 2B: Mike Grogan
Batting: RHB Jochen Schanz 0-0: Swinging Strike
0-1: Ball
1-1: Ball
2-1: Swinging Strike
2-2: Foul Ball, location: 2F
2-2: Foul Ball, location: 2F
2-2: Strikes out swinging
Batting: RHB Eric Baker 0-0: Called Strike
0-1: Swinging Strike
0-2: Foul Ball, location: 2F
0-2: Ball
1-2: Foul Ball, location: 2F
1-2: Ball
2-2: Foul Ball, location: 2F
2-2: Ground out 5-3 (Groundball, 56, EV 101.9 MPH)
Batting: RHB John Sandberg 0-0: Ball
1-0: Ground out 5-3 (Groundball, 56, EV 84.4 MPH)
Top of the 12th over - 0 runs, 0 hits, 0 errors, 0 left on base; University of Southern California 3 - Coastal Carolina University 3
BOTTOM OF THE 12TH
Coastal Carolina University Chanticleers batting - Pitching for University of Southern California Trojans : RHP Aaron Haver
Batting: LHB Ramelan Nasution 0-0: Foul Ball, location: 2F
0-1: Ball
1-1: Swinging Strike
1-2: Ball
2-2: Foul Ball, location: 2F
2-2: Ground out 6-3 (Groundball, 6MS, EV 86.2 MPH)
Batting: RHB Chris McDaniel 0-0: Ball
1-0: Swinging Strike
1-1: Ball
2-1: Swinging Strike
2-2: Ball
3-2: Foul Ball, location: 2F
3-2: SOLO HOME RUN (Flyball, 9LD, EV 91.2 MPH), Distance : 341 ft
Bottom of the 12th over - 1 run, 1 hit, 0 errors, 0 left on base; University of Southern California 3 - Coastal Carolina University 4
Thursday, December 15th , 2022 - OOTP Baseball 23.9 Build 102